cohdb
Replays
Latest Replays
All Replays
Popular Replays
Top Player Replays
Match Explorer
How It Works
Community
CoH3 Stats
Reddit
Sign in to upload your games and track your stats! →
Sign in with Steam
Match 39610363
Unlisted
Match 39610363
Overview
Messages
Build Orders
End
Kradschützen Motorcycle Team
Panzerpioneer Squad
Panzergrenadier Squad
Construct Light Support Kompanie
Selects Armored Support Battlegroup
MG34 Team
Assault Grenadier Squad
Construct Mechanized Kompanie
Selects Superior Fire Drills
Panzerjäger Mechanized Group
8 Rad Armored Car
Veteran Squad Leaders
Vehicle Survival Package
254 Reconnaissance Tractor
Panzerjäger Mechanized Group
Combat Half-tracks
Selects Flammpanzer III Medium Tank
Panzerjäger Squad
Construct Panzerarmee Kommand
ThreekidsinaTrenchcoat
Monsieur Nathan
0
0
Comments
sign in to comment!
No comments posted yet!